 Dungeon Sprint DCSS version 0.29-a0-617-g7a6b98fccd (webtiles) character file.

Game seed: 9299464504460261924

21 mhtbhm the Caller (level 2, -1/15 HPs)
             Began as a Tengu Summoner on June 17, 2022.
             Slain by a wolf (9 damage)
             ... in the Dungeon (Sprint III: "The Ten Rune Challenge").
             The game lasted 00:01:30 (209 turns).

mhtbhm the Caller (Tengu Summoner)                   Turns: 209, Time: 00:01:31

Health: -1/15      AC:  2    Str:  8    XL:     2   Next: 83%
Magic:  4/6        EV: 12    Int: 15    God:
Gold:   0          SH:  0    Dex: 14    Spells: 3/6 levels left

rFire   . . .      SeeInvis .   (no weapon)
rCold   . . .      Faith    .   (no shield)
rNeg    . . .      Spirit   .   a - +0 robe
rPois   .          Reflect  .   (helmet restricted)
rElec   .          Harm     .   (no cloak)
rCorr   .          Rampage  .   (no gloves)
Will    .....      NoTele   +   (boots unavailable)
Stlth   ++........              (no amulet)
HPRegen 0.05/turn               (no ring)
MPRegen 0.10/turn               (no ring)

@: hasted, very quick
A: beak, talons 3
a: no special abilities


You were in the Dungeon.
You visited 1 branch

Inventory:

Armour
 a - a +0 robe (worn)
Scrolls
 g - a scroll of blinking
Potions
 b - 2 potions of magic
 c - a potion of curing
 h - a potion of mutation {unknown}


   Skills:
 + Level 2.7 Dodging
 + Level 2.3 Stealth
 + Level 0.5 Unarmed Combat
 + Level 2.6 Spellcasting
 + Level 7.2 Summonings


You had 3 spell levels left.
You knew the following spells:

 Your Spells              Type           Power      Damage    Failure   Level
a - Summon Small Mammal   Summ           92%        N/A       1%          1
b - Call Imp              Summ           23%        N/A       1%          2

Your spell library contained the following spells:

 Spells                   Type           Power      Damage    Failure   Level
 Call Canine Familiar     Summ           23%        N/A       3%          3
 Summon Guardian Golem    Hex/Summ       12%        N/A       14%         3
 Summon Lightning Spire   Summ/Air       12%        N/A       43%         4


Dungeon Overview and Level Annotations

Branches:
Dungeon (1/1)

Altars:


Innate Abilities, Weirdness & Mutations

You have a beak for a mouth.
You have claws for feet.


Message History

The wolf bites your quokka.
Your quokka barely misses the wolf.
The wolf bites your quokka!
Your quokka dies!
Your quokka's corpse disappears in a puff of smoke!
Magic courses through your body.
Your quokka completely misses the wolf.
Casting: Summon Small Mammal (safe; 1% risk of failure)
Confirm with . or Enter, or press ? or * to list all spells.
A beastly little devil appears in a puff of flame.
Your quokka barely misses the wolf.
The wolf barely misses you.
Your quokka closely misses the wolf.
Casting: Call Imp (safe; 1% risk of failure)
Confirm with . or Enter, or press ? or * to list all spells.
The wolf misses you. The wolf closely misses you.
Your quokka closely misses the wolf.
Your bat misses the wolf.
Your quokka closely misses the wolf.
Your crimson imp hits the wolf but does no damage.
The wolf bites you!
Ouch! That really hurt!
* * * LOW HITPOINT WARNING * * *
You swap places.
Your bat misses the wolf. The wolf barely misses your bat.
Your quokka bites the wolf but does no damage.
Your crimson imp misses the wolf.
Your bat hits the wolf but does no damage.
You see here a human corpse.
Your bat misses the wolf. The wolf misses your bat.
Your quokka barely misses the wolf.
Your bat hits the wolf but does no damage.
You aren't carrying any items that you can evoke.
Unknown command.
Your bat hits the wolf but does no damage. x2
The wolf closely misses you.
Your bat hits the wolf but does no damage.
You feel much better. The wolf bites you!
Your quokka misses the wolf.
Your crimson imp closely misses the wolf.
Your bat closely misses the wolf.
You feel yourself speed up.
Your bat hits the wolf. The wolf bites you but does no damage.
Your bat closely misses the wolf.
The wolf bites you!
Ouch! That really hurt!
You die...

▓▓▓▓▓▓▓▓▓
▓<..#...####
▓...#......## .#
▓..##.......# .#
▓##.##.##...# ..#
##.##.###@.# ..#
▓#.####.##hb# ...+
▓.###†.##r5## #...#
▓#.....##..###....#
###..##...##.....#
##..##....#......#
#..###..##.#.....#
#[.# #.. ####....#
▓▓▓▓ ▓▓▓ ▓▓▓▓▓


You could see a wolf (ally target), a friendly crimson imp (summoned), a
friendly quokka (summoned) and a friendly bat (summoned).

Vanquished Creatures
  A human (D)
  A rat (D)
2 creatures vanquished.

Vanquished Creatures (collateral kills)
  3 rats (D)
3 creatures vanquished.

Grand Total: 5 creatures vanquished

Notes
Turn   | Place    | Note
-------+----------+-------------------------------------------
     0 | D        | mhtbhm the Tengu Summoner began the quest for the Orb.
     0 | D        | Reached XP level 1. HP: 10/10 MP: 4/4
    11 | D        | Reached skill level 5 in Summonings
    89 | D        | Reached skill level 7 in Summonings
    89 | D        | Reached XP level 2. HP: 14/15 MP: 1/6
   130 | D        | Learned a level 2 spell: Call Imp
   209 | D        | Slain by a wolf

Illustrated notes

Levels and vault maps discovered:
D:        dungeon_sprint_mu [sprint_mu_entry_cave, sprint_mu_temple_rooms,
          sprint_mu_d1_spiders, sprint_mu_d2_genie, sprint_mu_d3_branching,
          sprint_mu_orc_legion, sprint_mu_elf_gauntlet, sprint_mu_hive_nellie,
          sprint_mu_lair_fedhas, sprint_mu_vaults_butterflies,
          sprint_mu_slime_circle, sprint_mu_swamp_cave, sprint_mu_shoals_kraken,
          sprint_mu_blade_basic, sprint_mu_crypt_lich, sprint_mu_tomb_spiral,
          sprint_mu_vestibule_basic, sprint_mu_gehenna_hellfire,
          sprint_mu_dis_giant, sprint_mu_tartarus_statrot,
          sprint_mu_cocytus_islands, sprint_mu_zot1]

Skill      XL: |  1 |
---------------+----+-----
Summonings     | 7 |  7.2
Dodging        | |  2.7
Stealth        | |  2.3
Unarmed Combat | |  0.5
Spellcasting   | |  2.6

Action                   || total
-------------------------++-------
Melee: Unarmed           ||     6
       Kick              ||     2
       Peck              ||     2
 Cast: Summon Small Mamm ||    10
       Call Imp          ||     3
  Use: Potion            ||     4
Armor: Robe              ||     1
Dodge: Dodged            ||     5

Table legend: (Time is in decaauts)
 A = Elapsed time spent in this place.
 B = Non-inter-level travel time spent in this place.
 C = Inter-level travel time spent in this place.
 D = Time resting spent in this place.
 E = Time spent auto-exploring this place.
 F = Levels seen in this place.
 G = Mean time per level.
                   A        B        C        D        E       F      G
               +--------+--------+--------+--------+--------+-----+--------+
         Total |    216 |    216 |      0 |     94 |     32 |   1 |  216.0 |
       Dungeon |    216 |    216 |      0 |     94 |     32 |   1 |  216.0 |
               +--------+--------+--------+--------+--------+-----+--------+

Top non-repeatable levels by time:
       D: 216 daAuts
